 Dungeon Crawl Stone Soup version 0.24.0-10-g970556be89 (webtiles) character file.

Game seed: 7714606709404234036, levelgen mode: deterministic

27575 Lanoc the Carver (level 13, -1/123 HPs)
             Began as a Naga Berserker on Nov 3, 2019.
             Was a High Priest of Trog.
             Killed from afar by Azrael (33 damage)
             ... with damnation
             ... on level 13 of the Dungeon.
             The game lasted 00:24:14 (12776 turns).

Lanoc the Carver (Naga Berserker)                  Turns: 12776, Time: 00:24:15

Health: -1/123     AC: 14    Str: 22    XL:     13   Next: 33%
Magic:  22/22      EV: 12    Int: 10    God:    Trog [*****.]
Gold:   939        SH:  0    Dex: 14    Spells: 12/12 levels left

rFire    . . .     SeeInvis +   D - +8 great sword "Iwafuk" {slice, Str+3}
rCold    . . .     Gourm    .   (shield currently unavailable)
rNeg     + . .     Faith    .   x - +2 scale mail {rN+}
rPois    +         Spirit   .   f - +2 helmet {SInv}
rElec    .         Reflect  .   (no cloak)
rCorr    .         Harm     .   (no gloves)
MR       +++..                  (no barding)
Stlth    ..........             (no amulet)
HPRegen  1.30/turn              q - ring of magical power
MPRegen  0.18/turn              (no ring)

@: about to teleport, regenerating, very slow
A: large, see invisible, deformed body, poison resistance, slowness 2, slow
metabolism 1, spit poison 1, constrict 1, AC +4
a: Spit Poison, Berserk, Trog's Hand, Brothers in Arms, Renounce Religion


You were on level 13 of the Dungeon.
You worshipped Trog.
Trog was extremely pleased with you.
You were near starving.

You visited 2 branches of the dungeon, and saw 13 of its levels.

You collected 939 gold pieces.

Inventory:

Hand Weapons
 v - a +2 scimitar of flaming
 D - the +8 great sword "Iwafuk" (weapon) {slice, Str+3}
   (Trog gifted it to you on level 9 of the Dungeon)

   It inflicts extra damage upon your enemies.
   It affects your strength (+3).
 I - a +5 long sword
Missiles
 e - 7 atropa-tipped darts (quivered)
 i - 6 throwing nets
 s - 8 curare-tipped darts
Armour
 f - a +2 helmet of see invisible (worn)
 x - a +2 scale mail of positive energy (worn)
Jewellery
 q - a ring of magical power (left hand)
Wands
 d - a wand of acid (14)
 m - a wand of paralysis (12)
 o - a wand of polymorph (17)
 y - a wand of disintegration (25)
 H - a wand of clouds (6)
Scrolls
 a - a scroll of enchant weapon {unknown}
 b - 2 scrolls of teleportation
 n - 5 scrolls of remove curse
 p - a scroll of blinking {unknown}
 r - 3 scrolls of fog {unknown}
 t - a scroll of holy word {unknown}
 u - a scroll of enchant armour
 E - a scroll of fear {unknown}
Potions
 g - a potion of heal wounds
 h - 3 potions of agility
 j - 2 potions of brilliance
 k - a potion of resistance
 l - 2 potions of flight
 w - 2 potions of mutation
 z - 4 potions of curing
 G - a potion of haste
 J - a potion of lignification
Miscellaneous
 L - a phantom mirror
Comestibles
 c - 22 rations


   Skills:
 + Level 10.1 Fighting
 * Level 13.5 Long Blades
 + Level 8.3 Armour
 + Level 8.3 Dodging


You had 12 spell levels left.
You didn't know any spells.
Your spell library was empty.

Dungeon Overview and Level Annotations

Branches:
Dungeon (13/15)            Temple (1/1) D:6            Lair (0/6) D:8
    Orc (0/2) D:12         Vaults (0/5) D:13

Altars:
Ashenzari
Cheibriados
Dithmenos
Fedhas
Gozag
Kikubaaqudgha
Nemelex Xobeh
Qazlal
Ru
Sif Muna
Trog
Uskayaw
The Shining One

Annotations:
D:13 Azrael


Innate Abilities, Weirdness & Mutations

You cannot wear boots.
Your serpentine skin is tough. (AC +4)
You have supernaturally acute eyesight. (SInv)
Armour fits poorly on your strangely shaped body.
Your system is resistant to poisons. (rPois)
You cover ground very slowly.
You have a slow metabolism.
You can spit poison.
You can use your snake-like lower body to constrict enemies.


Message History

Trog accepts your kill. Something appears before you!
Trog grants you ammunition! The fire elemental hits your troll.
The fire elemental burns your troll! The hell hound barely misses you.
Your troll barely misses the fire elemental.
Your troll claws the fire elemental!!
The fire elemental is destroyed!
Trog accepts your kill.
Unknown command.
You closely miss the hell hound. You grab the hell hound.
You constrict the hell hound, but do no damage.
The hell hound barely misses you. Azrael gestures at you.
The sphere of damnation explodes!
The damnation engulfs your troll!
Your troll dies!
Your troll's corpse disappears in a puff of smoke!
The damnation engulfs the hell hound!!
The damnation engulfs Azrael.
Azrael completely resists.
The damnation engulfs you!!
You die...

...#
##.........####........
...#
.....>.......#.#.#.....#
...#
........................
...#
........................
....
.......°................
....#
.#...:.☼○...............
......
.......R..##............
......
.......§h....#.##.......
......
.......@†..###..........
......
........................
......
............#...)...#...
......
......#.............###.
......
......##.............##.
......
......#..............##.
......
............#...##......
#.....
.....#.###.##...........
#....# # #.
#....#.......#.


You could see Azrael and a hell hound.

Vanquished Creatures
  Harold (D:7)
  Erica (D:9)
  2 dancing weapons (D:13)
  3 two-headed ogres
  An unseen horror (D:12)
  A cyclops (D:12)
  A centaur zombie (D:12)
  A gargoyle (D:12)
  4 trolls
  5 hippogriffs
  Sigmund (D:2)
  A shadow (D:12)
  A fire elemental (D:13)
  A wraith (D:12)
  7 yaks
  2 hungry ghosts (D:12)
  An acid dragon (D:12)
  5 orc warriors
  3 sky beasts
  5 necrophages
  2 ice beasts (D:12)
  3 ogres
  7 centaurs
  2 wolves (D:8)
  3 big kobolds
  3 crocodiles
  Blork the orc (D:5)
  3 bullfrogs
  A wyvern zombie (D:9)
  A troll zombie (D:12)
  A water moccasin skeleton (D:7)
  2 scorpions
  3 wights (D:6)
  4 electric eels
  A bullfrog zombie (D:5)
  4 crimson imps
  A quasit (D:8)
  3 bullfrog skeletons
  9 hounds
  A jelly (D:13)
  14 orc wizards
  10 orc priests
  4 centaur skeletons
  An iron imp (D:9)
  3 iguanas
  11 worker ants
  5 ogre zombies (D:12)
  2 hound skeletons
  Robin (D:4)
  6 gnolls
  A howler monkey skeleton (D:7)
  8 adders
  2 shadow imps
  An adder zombie (D:6)
  An adder skeleton (D:4)
  2 dart slugs
  7 leopard geckos
  35 orcs
  5 giant cockroaches
  15 goblins
  8 hobgoblins
  8 jackals
  3 quokkas
  3 ball pythons
  6 bats
  6 frilled lizards
  3 goblin skeletons (D:12)
  A goblin zombie (D:12)
  2 jackal skeletons
  60 kobolds
  3 orc skeletons (D:12)
  12 orc zombies (D:12)
  A quokka skeleton (D:4)
  7 rats
359 creatures vanquished.

Vanquished Creatures (collateral kills)
  2 fire elementals (D:13)
  A hell hound (D:13)
  An ogre (D:13)
4 creatures vanquished.

Grand Total: 363 creatures vanquished

Notes
Turn   | Place    | Note
-------+----------+-------------------------------------------
     0 | D:1      | Lanoc the Naga Berserker began the quest for the Orb.
     0 | D:1      | Reached XP level 1. HP: 21/21 MP: 1/1
   497 | D:1      | Reached XP level 2. HP: 28/28 MP: 2/2
   811 | D:1      | Reached XP level 3. HP: 34/34 MP: 3/3
   842 | D:2      | Noticed Sigmund
   849 | D:1      | Reached ** piety under Trog
  1415 | D:2      | Killed Sigmund
  1415 | D:2      | Reached skill level 4 in Long Blades
  1415 | D:2      | Reached XP level 4. HP: 19/44 MP: 4/4
  1415 | D:2      | Reached XP level 5. HP: 21/50 MP: 5/5
  2065 | D:2      | Reached XP level 6. HP: 57/57 MP: 6/6
  2405 | D:3      | Reached skill level 5 in Long Blades
  2815 | D:3      | Reached *** piety under Trog
  2815 | D:3      | Reached XP level 7. HP: 60/64 MP: 7/7
  2900 | D:3      | Found a shadowy altar of Dithmenos.
  3536 | D:3      | Reached **** piety under Trog
  4101 | D:4      | Reached skill level 6 in Long Blades
  4170 | D:4      | Found a glowing golden altar of the Shining One.
  4200 | D:4      | Noticed Robin
  4224 | D:4      | Killed Robin
  4228 | D:4      | Reached ***** piety under Trog
  4709 | D:4      | Reached XP level 8. HP: 69/73 MP: 8/8
  5045 | D:4      | Found a stormy altar of Qazlal.
  5045 | D:4      | Found a shimmering blue altar of Sif Muna.
  5046 | D:4      | Found a sparkling altar of Nemelex Xobeh.
  5047 | D:4      | Found a bloodstained altar of Trog.
  5139 | D:5      | Entered Level 5 of the Dungeon
  5246 | D:5      | Noticed Blork the orc
  5254 | D:5      | Killed Blork the orc
  5254 | D:5      | Reached skill level 5 in Fighting
  5354 | D:5      | Received a gift from Trog
  5589 | D:6      | Reached skill level 7 in Long Blades
  6273 | D:6      | Found a staircase to the Ecumenical Temple.
  6282 | Temple   | Entered the Ecumenical Temple
  6471 | D:7      | Reached XP level 9. HP: 76/82 MP: 9/9
  6712 | D:7      | Found a stormy altar of Qazlal.
  6732 | D:7      | Reached skill level 8 in Long Blades
  7060 | D:7      | Noticed Harold
  7074 | D:7      | Killed Harold
  7074 | D:7      | Reached skill level 5 in Armour
  7074 | D:7      | Reached skill level 5 in Dodging
  8157 | D:8      | Reached skill level 9 in Long Blades
  8219 | D:8      | Noticed a troll
  8231 | D:8      | Killed a troll
  8231 | D:8      | Reached XP level 10. HP: 39/92 MP: 10/10
  8804 | D:8      | Found a sacrificial altar of Ru.
  8804 | D:8      | Found a shattered altar of Ashenzari.
  8817 | D:8      | Found a staircase to the Lair.
  9334 | D:8      | Found an ancient bone altar of Kikubaaqudgha.
  9571 | D:8      | Found a blossoming altar of Fedhas.
  9571 | D:8      | Found a hide-covered altar of Uskayaw.
  9806 | D:9      | Received a gift from Trog
  9807 | D:9      | Got a warped great sword {god gift}
  9825 | D:9      | Identified the +8 great sword "Iwafuk" {slice, Str+3} (Trog
                  | gifted it to you on level 9 of the Dungeon)
  9864 | D:9      | Found a snail-covered altar of Cheibriados.
  9901 | D:9      | Reached skill level 10 in Long Blades
 10335 | D:9      | Noticed Erica
 10347 | D:9      | Killed Erica
 10347 | D:9      | Reached XP level 11. HP: 103/103 MP: 11/11
 10478 | D:9      | Noticed a two-headed ogre
 10482 | D:9      | Killed a two-headed ogre
 10493 | D:9      | Found an opulent altar of Gozag.
 10744 | D:9      | Reached skill level 11 in Long Blades
 11012 | D:10     | Entered Level 10 of the Dungeon
 11026 | D:10     | Noticed a two-headed ogre
 11031 | D:10     | Killed a two-headed ogre
 11351 | D:10     | You fall into a shaft and drop 2 floors!
 11379 | D:12     | Noticed a two-headed ogre
 11391 | D:12     | Killed a two-headed ogre
 11614 | D:12     | Noticed an unseen horror
 11616 | D:12     | Killed an unseen horror
 11809 | D:12     | Found a staircase to the Orcish Mines.
 11938 | D:12     | Reached skill level 12 in Long Blades
 12085 | D:12     | Reached XP level 12. HP: 114/114 MP: 12/12
 12407 | D:13     | Found a gate to the Vaults.
 12714 | D:13     | Reached ****** piety under Trog
 12742 | D:13     | Reached skill level 10 in Fighting
 12742 | D:13     | Reached skill level 13 in Long Blades
 12742 | D:13     | Gained mutation: You can use your snake-like lower body to
                  | constrict enemies. [Naga growth]
 12742 | D:13     | Reached XP level 13. HP: 123/123 MP: 13/13
 12767 | D:13     | Noticed Azrael
 12775 | D:13     | Received a gift from Trog
 12776 | D:13     | Killed from afar by Azrael

Levels and vault maps discovered:
D:1:      lightli_arrival_maybe_door_vault, layout_basic, st_stairs_11
D:2:      layout_loops_ring, chequers_serial_rivers_micro_b, glass_columns_c,
          uniq_sigmund
D:3:      minmay_goblin_kobold_castle, layout_loops_cross, lemuel_crystal_altar,
          hangedman_decor_riveting
D:4:      minmay_wonky_spiral, layout_basic, tso_metal_star, minitemple,
          uniq_robin
D:5:      layout_rooms, first_ration, serial_bayou_lagoon_b, uniq_blork_the_orc
D:6:      layout_rooms, minmay_temple_entry_poolview, serial_curves,
          eino_curves_03, eino_curves_04, nrook_mini_backslash
D:7:      layout_loops_ring, grunt_ogre_cave, minivault_14,
          nicolae_qazlal_general_emergency, uniq_harold
D:8:      layout_basic, overflow_temple_1_default,
          amethyst_overflow_temple_binary, gammafunk_temple_overflow_elements,
          erik_lair_island
D:9:      layout_stronghold, grunt_gozag_breadcrumbs, slow_altar_1, uniq_erica
D:10:     layout_basic
D:12:     layout_stronghold, zombieorc1_lemuel
D:13:     layout_cave_pools, erik_vaults_1, uniq_azrael
Temple:   jpeg_temple_island

Skill      XL: |  1  2  3  4  5  6  7  8  9 10 11 12 |
---------------+-------------------------------------+-----
Long Blades    | 4 5 6 7 9 10 12 13 | 13.5
Armour         | 2 3 4 5 6 7 8 |  8.3
Dodging        | 2 3 4 5 6 7 8 |  8.3
Fighting       | 4 5 6 7 9 10 | 10.1

Action                   |  1- 3 |  4- 6 |  7- 9 | 10-12 | 13-15 || total
-------------------------+-------+-------+-------+-------+-------++-------
Melee: Falchion          |    69 |   139 |   222 |       |       ||   430
       Dagger            |       |       |   234 |   124 |       ||   358
       Great sword       |       |       |       |   238 |     5 ||   243
       Constrict         |       |       |       |       |     5 ||     5
Throw: Dart              |     2 |       |       |     1 |       ||     3
Invok: Berserk           |     6 |     3 |    10 |    13 |       ||    32
       Trog's Hand       |       |       |       |       |     1 ||     1
       Brothers in Arms  |       |       |       |       |     1 ||     1
 Abil: Spit Poison       |     1 |     1 |    11 |    10 |       ||    23
  Use: Potion            |     2 |       |       |     2 |     1 ||     5
       Scroll            |       |       |     9 |     4 |     2 ||    15
 Stab: Sleeping          |       |     1 |     1 |       |       ||     2
  Eat: Chunk             |     4 |     5 |    22 |    20 |       ||    51
       Ration            |     1 |       |     1 |     4 |       ||     6
Armor: Animal skin       |     6 |    53 |   158 |       |       ||   217
       Scale mail        |       |       |    15 |   184 |     9 ||   208
Dodge: Dodged            |    59 |    93 |   270 |   195 |    12 ||   629
       Rpst.: Falchion   |    17 |    24 |    39 |       |       ||    80
       Great sword       |       |       |       |    32 |     4 ||    36
